Map: Lerilak Crest

Players

HuK - Winner!

  • Race: Protoss Protoss
  • League: Grandmaster

Harstem

  • Race: Protoss Protoss

Event: NationWars III

VOD

Have the link to the VOD?

Description

Time

  • Played on: Dec. 10, 2015, 4:45 p.m.
  • Length: 7:23
Show
View Real Time Build Order
Export as new Build Order

HuK Protoss - Winner!

Build Orders: Nexus First 

Get SALT Encoding   

  12  0:01  Probe (Chrono Boost)  
  13  0:11  Probe (Chrono Boost)  
  14  0:19  Pylon  
  14  0:22  Probe (Chrono Boost)  
  15  0:38  Probe (Chrono Boost)  
  16  0:48  Probe (Chrono Boost)  
  17  0:58  Nexus  
  17  1:07  Gateway  
  17  1:10  Probe (Chrono Boost)  
  18  1:15  Assimilator  
  18  1:20  Probe (Chrono Boost)  
  18  1:23  Assimilator  
  19  1:31  Probe (Chrono Boost)  
  20  1:36  Gateway  
  20  1:42  Probe (Chrono Boost)  
  21  1:52  Probe (Chrono Boost)  
  21  1:54  Cybernetics Core  
  22  2:03  Probe (Chrono Boost)  
  23  2:13  Probe (Chrono Boost)  
  23  2:14  Probe (Chrono Boost)  
  25  2:24  Probe (Chrono Boost)  
  25  2:28  Mothership Core (Chrono Boost)  
  26  2:30  Warp Gate (Chrono Boost)  
  26  2:32  Adept (Chrono Boost)  
  26  2:34  Adept (Chrono Boost)  
  32  2:39  Pylon  
  32  2:41  Probe  
  33  2:47  Probe  
  34  2:53  Probe, Pylon  
  35  3:00  Stalker (Chrono Boost)  
  35  3:03  Probe  
  35  3:04  Stalker (Chrono Boost)  
  40  3:15  Probe  
  41  3:20  Probe  
  41  3:22  Gateway  
  41  3:26  Gateway  
  42  3:28  Stalker (Chrono Boost)  
  44  3:36  Pylon  
  44  3:42  Pylon  
  44  3:44  Robotics Facility  
  44  3:45  Probe  
  44  3:47  Probe  
  46  3:52  Stalker (Chrono Boost)  
  46  3:57  Zealot (Chrono Boost)  
  46  4:02  Pylon  
  48  4:20  Pylon  
  48  4:23  Pylon  
  44  4:32  Immortal (Chrono Boost)  
  44  4:34  Stalker  
  44  4:35  Stalker  
  52  4:39  Zealot x2  
  52  4:44  Zealot x2  
  46  4:56  Zealot  
  46  4:59  Mothership Core  
  46  5:00  Zealot  
  46  5:06  Immortal, Zealot x2  
  49  5:15  Zealot  
  47  5:24  Zealot x2  
  47  5:27  Zealot  
  51  5:41  Zealot  
  51  5:45  Stalker  
  51  5:46  Stalker  
  51  5:51  Zealot  
  49  6:03  Adept  
  49  6:09  Adept x2  
  51  6:19  Adept  
  45  6:27  Adept x2  
  45  6:29  Mothership Core  
  47  6:37  Adept  
  47  6:41  Adept  
  47  6:42  Gateway  
  47  6:45  Pylon  
  49  6:47  Adept  
  49  6:51  Adept  
  47  6:58  Stalker  
  49  7:04  Sentry  
  49  7:05  Zealot  
  53  7:11  Sentry  
Show
View Real Time Build Order
Export as new Build Order

Harstem Protoss 

Build Orders:  

Get SALT Encoding   

  12  0:01  Probe (Chrono Boost)  
  13  0:12  Probe (Chrono Boost)  
  14  0:18  Pylon  
  14  0:22  Probe (Chrono Boost)  
  15  0:36  Probe (Chrono Boost)  
  15  0:38  Gateway  
  16  0:46  Probe (Chrono Boost)  
  17  0:52  Assimilator  
  17  0:57  Probe (Chrono Boost)  
  17  0:59  Assimilator  
  18  1:08  Probe (Chrono Boost)  
  19  1:12  Gateway  
  20  1:18  Probe (Chrono Boost)  
  20  1:27  Cybernetics Core  
  20  1:29  Probe (Chrono Boost)  
  21  1:38  Pylon  
  22  1:40  Probe (Chrono Boost)  
  22  1:50  Probe (Chrono Boost)  
  23  2:03  Stalker x2  
  23  2:04  Warp Gate (Chrono Boost)  
  27  2:12  Pylon  
  27  2:31  Robotics Facility  
  27  2:33  Stalker  
  29  2:42  Stalker  
  31  2:51  Gateway  
  31  3:02  Pylon  
  31  3:18  Immortal (Chrono Boost)  
  39  3:55  Immortal (Chrono Boost)  
  39  4:00  Stalker x2  
  39  4:02  Stalker  
  45  4:06  Pylon  
  45  4:25  Stalker x2  
  45  4:31  Stalker  
  43  4:54  Adept x3  
  47  5:05  Immortal (Chrono Boost)  
  45  5:17  Adept  
  43  5:23  Sentry, Adept  
  45  5:45  Immortal (Chrono Boost)  
  45  5:49  Sentry, Adept  
  43  6:04  Adept  
  43  6:09  Stalker  
  47  6:18  Adept  
  39  6:29  Adept  
  41  6:35  Adept  
  41  6:39  Adept  
  45  6:53  Sentry  
  41  6:57  Stalker  
  41  7:00  Adept  
Tags
 
Add a new tag
Caveats
  • Supply blocks, unpowered buildings, or Contaminate may cause inaccurate times.
  • Supply counts are checked every 10 seconds.